 Dungeon Crawl Stone Soup version 0.22-a0-458-gb446440 (webtiles) character file.

193802 RickyRiver1434 the Peltast (level 17, -4/159 HPs)
             Began as a Minotaur Fighter on June 8, 2018.
             Was the Champion of Trog.
             Killed by the raging water
             ... invoked by a water nymph
              (32 damage)
             ... on level 2 of the Shoals on June 9, 2018.
             The game lasted 03:28:36 (36034 turns).

RickyRiver1434 the Peltast (Minotaur Fighter)      Turns: 36034, Time: 03:28:37

Health: -4/159     AC: 27    Str: 30    XL:     17   Next: 65%
Magic:  16/16      EV: 12    Int:  5    God:    Trog [******]
Gold:   1936       SH: 25    Dex: 20    Spells: 16/16 levels left

rFire    + . .     SeeInvis .   d - +9 demon blade "Fogur" {elec, rF+ MR+ Dex+4}
rCold    . . .     Gourm    .   h - +0 large shield
rNeg     . . .     Faith    .   S - +0 plate armour
rPois    +         Spirit   .   (helmet restricted)
rElec    .         Reflect  .   m - +0 cloak of Negation {MR+ Dex+2}
rCorr    .         Harm     .   H - +0 pair of gloves
MR       +++..                  B - +0 pair of boots {Fly}
Stlth    ..........             L - amulet of regeneration
HPRegen  0.76/turn              k - ring of Parr {AC+5 Str+6}
MPRegen  0.15/turn              q - ring of poison resistance

@: flying, hasted, very quick
A: retaliatory headbutt, horns 2
}: 1/15 runes: serpentine
a: Berserk, Trog's Hand, Brothers in Arms, Renounce Religion, Stop Flying


You were on level 2 of the Shoals.
You worshipped Trog.
Trog was exalted by your worship.
You were not hungry.

You visited 6 branches of the dungeon, and saw 30 of its levels.
You visited 1 bazaar.
You also visited: Labyrinth, Ossuary and Volcano.

You collected 3592 gold pieces.
You spent 1656 gold pieces at shops.

Inventory:

Hand Weapons
 d - the +9 demon blade "Fogur" (weapon) {elec, rF+ MR+ Dex+4}
   (Trog gifted it to you on level 3 of the Snake Pit)

   Occasionally, upon striking a foe, it will discharge some electrical energy
   and cause terrible harm.
   It affects your dexterity (+4).
   It protects you from fire.
   It affects your resistance to hostile enchantments.
 v - a +0 whip of distortion
 J - a +1 shortbow of flaming
Missiles
 i - 844 arrows
 y - 31 tomahawks (quivered)
Armour
 h - a +0 large shield (worn)
 m - the +0 cloak of Negation (worn) {MR+ Dex+2}
   (You found it in a labyrinth)

   It affects your dexterity (+2).
   It affects your resistance to hostile enchantments.
 B - a +0 pair of boots of flying (worn)
 H - a +0 pair of gloves (worn)
 S - a +0 plate armour (worn)
Jewellery
 k - the ring of Parr (left hand) {AC+5 Str+6}
   (You bought it in a shop in a bazaar)

   [ring of protection]

   It affects your AC (+5).
   It affects your strength (+6).
 q - a ring of poison resistance (right hand)
 s - an uncursed ring of resist corrosion
 K - a +1 ring of protection {unknown}
 L - an amulet of regeneration (around neck)
 M - a +4 ring of strength
 P - an uncursed ring of see invisible
Wands
 x - a wand of digging (14)
 I - a wand of disintegration (14)
 N - a wand of flame (101)
 T - a wand of iceblast (23)
 W - a wand of polymorph (47)
 X - a wand of paralysis (40)
Scrolls
 e - a scroll of acquirement {unknown}
 g - a scroll of summoning {unknown}
 r - 10 scrolls of teleportation
 t - 2 scrolls of torment {unknown}
 u - 9 scrolls of enchant armour
 z - 6 scrolls of magic mapping
 A - 9 scrolls of enchant weapon
 C - a scroll of blinking
 D - a scroll of silence
 G - 3 scrolls of fear
 Q - 13 scrolls of remove curse
 R - a scroll of brand weapon {unknown}
 U - 3 scrolls of fog
 Y - a scroll of holy word {unknown}
Potions
 b - 7 potions of flight
 j - a potion of curing
 l - 7 potions of mutation
 n - 2 potions of berserk rage
 o - 3 potions of haste
 p - 6 potions of cancellation
 w - a potion of resistance {unknown}
 E - 5 potions of brilliance
 F - 2 potions of agility
Miscellaneous
 a - a lightning rod (4/4)
 c - a fan of gales
 O - a lightning rod (4/4)
 V - a phial of floods
Comestibles
 f - 48 rations


   Skills:
 * Level 16.4 Fighting
 * Level 17.2 Long Blades
   Level 8.4 Axes
 + Level 3.7 Throwing
 * Level 16.9 Armour
 * Level 6.3 Dodging
 - Level 3.2 Stealth
 * Level 20.2 Shields
 - Level 0.9 Evocations


You had 16 spell levels left.
You didn't know any spells.
Your spell library contained the following spells:

 Spells                   Type           Power        Failure   Level  Hunger
 Magic Dart               Conj           #...         99%         1    ##.....
 Fireball                 Conj/Fire      #.........   100%        5    ######.
 Conjure Flame            Conj/Fire      #.......     100%        3    ####...
 Bolt of Magma            Conj/Fire/Erth #.........   100%        5    ######.
 Confuse                  Hex            #.......     100%        3    ####...
 Throw Flame              Conj/Fire      #.....       100%        2    ###....
 Freezing Cloud           Conj/Ice/Air   #.........   100%        6    #######
 Mephitic Cloud           Conj/Pois/Air  #.......     100%        3    ####...
 Ring of Flames           Chrm/Fire      #.........   100%        7    #######
 Iskenderun's Mystic Bla  Conj           #.......     100%        4    #####..
 Sticky Flame             Conj/Fire      #.......     100%        4    #####..
 Regeneration             Chrm/Necr      #.........   100%        3    ####...
 Tukima's Dance           Hex            #.......     100%        3    ####...
 Iron Shot                Conj/Erth      #.........   100%        6    #######
 Spider Form              Tmut/Pois      #.........   100%        3    ####...
 Blade Hands              Tmut           #.........   100%        5    ######.
 Statue Form              Tmut/Erth      #........    100%        6    #######
 Ice Form                 Ice/Tmut       #.......     100%        4    #####..
 Flame Tongue             Conj/Fire      #....        99%         1    ##.....
 Sticks to Snakes         Tmut           #.......     100%        2    ###....
 Ensorcelled Hibernation  Hex/Ice        #.....       100%        2    ###....
 Shatter                  Erth           #.........   100%        9    #######
 Corona                   Hex            #......      99%         1    ##.....
 Leda's Liquefaction      Hex/Erth       #.........   100%        4    #####..
 Shroud of Golubria       Chrm/Tloc      #.........   100%        2    ###....
 Inner Flame              Hex/Fire       #.......     100%        3    ####...
 Beastly Appendage        Tmut           #.....       99%         1    ##.....
 Fulminant Prism          Conj/Hex       #.........   100%        4    #####..
 Dazzling Spray           Conj/Hex       #.....       100%        3    ####...
 Force Lance              Conj/Tloc      #.......     100%        4    #####..
 Infusion                 Chrm           #...         99%         1    ##.....
 Song of Slaying          Chrm           #.......     100%        2    ###....
 Spectral Weapon          Hex/Chrm       #.......     100%        3    ####...
 Searing Ray              Conj           #.....       100%        2    ###....
 Poisonous Vapours        Pois/Air       #.....       100%        2    ###....
 Ignition                 Fire           #.........   100%        8    #######


Dungeon Overview and Level Annotations

Branches:
Dungeon (15/15)            Temple (1/1) D:4            Lair (6/6) D:8
 Shoals (2/4) Lair:3        Snake (4/4) Lair:2        Slime (0/5) Lair:5
    Orc (2/2) D:12            Elf (0/3) Orc:2        Vaults (0/5) D:13
 Depths (0/5) D:15

Altars:
Ashenzari
Cheibriados
Dithmenos
Elyvilon
Fedhas
Gozag
Hepliaklqana
Kikubaaqudgha
Makhleb
Nemelex Xobeh
Okawaru
Qazlal
Ru
Sif Muna
Trog
Uskayaw
Vehumet
Wu Jian
Xom
Yredelemnul
Zin
The Shining One
Beogh

Shops:
D:4 *(%?(   Orc:1 %   Orc:2 !}=:   Snake:2 *[*   Snake:3 }==

Portals:
Hell: Lair:6

Annotations:
D:6 inEQUAL's ghost, novice GrFi
Lair:6 quirkyturtle's ghost, journeyman GnSk


Innate Abilities, Weirdness & Mutations

You reflexively headbutt those who attack you in melee.
You have a pair of horns on your head.


Message History

The harpy screeches!
You block the water nymph's attack. You block the merfolk's attack.
The water nymph casts a spell at you. The water rises up and strikes you!
* * * LOW HITPOINT WARNING * * *
The merfolk throws an exploding tomahawk.
You block the exploding tomahawk.
The exploding tomahawk explodes!
The explosion of tomahawk fragments engulfs you!
You hear a screech!
A harpy comes into view.
The harpy moves out of view.
The merfolk throws an exploding tomahawk.
You block the exploding tomahawk.
The exploding tomahawk explodes!
The explosion of tomahawk fragments engulfs you!
You hear a screech!
A harpy comes into view.
You block the harpy's attack. x2
The water nymph gestures at you while chanting.
The water rises up and strikes you!
You die...

#≈≈≈≈≈≈≈≈≈≈≈≈≈..≈≈≈
#≈≈≈≈≈≈≈≈≈≈≈H≈≈≈≈≈≈≈
#≈≈≈≈≈≈≈≈≈≈≈≈≈≈≈≈≈≈.
#≈≈≈≈≈≈≈≈≈≈≈≈≈≈≈≈≈≈.
#≈≈≈≈≈≈≈≈≈≈m≈≈≈≈≈≈≈≈
#≈≈≈≈≈≈≈≈≈≈m≈≈≈≈≈≈≈≈
#≈≈≈≈≈≈≈≈≈≈≈≈≈≈≈≈≈≈≈
#≈≈≈≈≈≈≈≈≈≈≈H≈≈≈≈≈≈≈
#≈≈≈≈≈≈≈≈≈≈≈@≈≈≈≈≈≈≈
#≈≈≈≈≈≈≈≈≈≈≈≈≈≈≈≈≈≈≈
#≈≈≈≈≈≈≈≈≈≈≈≈≈≈≈≈≈≈≈
#≈≈≈≈≈≈≈≈≈≈≈≈≈≈≈≈..≈
#≈≈≈≈≈≈≈≈≈≈≈≈≈≈≈≈..≈≈
#≈≈≈≈≈≈≈≈≈≈≈≈≈≈≈≈≈.≈≈.
#≈≈≈≈≈≈≈≈≈≈≈≈≈≈≈≈≈≈.≈..
#≈≈≈≈≈≈≈≈≈≈≈≈≈≈≈≈≈≈≈≈..
#≈≈≈≈≈≈≈≈≈≈≈≈≈≈≈≈≈≈≈≈≈.


You could see a merfolk, a water nymph and 2 harpies.

Vanquished Creatures
  Kirke (D:14)
  9 nagarajas
  Louise (Snake:4)
  A frost giant (D:15)
  Aizul (Snake:1)
  A minotaur (Lab)
  A red draconian (Volcano)
  A merfolk impaler (Shoals:2)
  A merfolk javelineer (Shoals:1)
  Josephine (D:14)
  13 naga warriors
  Fannar (D:11)
  5 vault guards (D:13)
  Erolcha (Orc:2)
  7 hydras
  3 centaur warriors
  A catoblepas (D:13)
  2 ogre magi
  7 anacondas
  5 death yaks
  13 two-headed ogres
  5 shock serpents
  14 naga sharpshooters
  4 orc high priests (Orc:2)
  A sun demon (Lair:6)
  Sonja (D:14)
  4 skeletal warriors (D:14)
  A sea snake (Shoals:1)
  9 naga ritualists
  A sea snake (shapeshifter) (D:15)
  3 wizards
  2 salamander mystics
  3 unseen horrors
  A lindwurm (Lair:5)
  6 orc knights
  14 mana vipers
  8 salamanders
  12 ugly things
  6 fauns
  6 orc sorcerers
  35 black mambas
  4 elephants
  7 cyclopes
  2 manticores
  A guardian serpent (Snake:1)
  17 naga magi
  4 merfolk sirens (Shoals:1)
  A centaur zombie (D:13)
  A water nymph (Shoals:2)
  A molten gargoyle (Volcano)
  A smoke demon (Lair:6)
  A gargoyle (D:13)
  13 spiny frogs
  2 orange demons (Lair:6)
  4 rime drakes (Lair:6)
  10 komodo dragons
  A kobold demonologist (D:12)
  2 efreet (D:15)
  An ice devil (Lair:6)
  2 red devils (Lair:6)
  A yaktaur (D:13)
  7 trolls
  2 wind drakes
  5 merfolk
  A slime creature (shapeshifter) (D:11)
  5 slime creatures (D:14)
  9 blink frogs
  16 dream sheep
  15 hippogriffs
  A redback (Lab)
  33 yaks
  2 shadows
  8 wraiths
  3 hogs (D:14)
  5 wyverns
  A hog (shapeshifter) (D:11)
  10 basilisks
  3 hungry ghosts (Lab)
  2 fire bats (Volcano)
  8 vampire mosquitoes
  An insubstantial wisp (Lair:5)
  3 wargs (Orc:1)
  33 nagas
  A soldier ant (D:10)
  13 water moccasins
  4 hell hounds (Lair:6)
  7 porcupines
  31 orc warriors
  3 sky beasts
  3 ice beasts
  4 black bears
  A swamp drake (Lair:5)
  A necrophage (D:11)
  An eye of draining (D:13)
  A phantom (D:7)
  15 ogres
  16 wolves
  14 crocodiles
  16 centaurs
  6 big kobolds
  11 bullfrogs
  A wyvern zombie (D:7)
  7 earth elementals
  3 scorpions
  7 killer bees
  14 wights
  An electric eel (D:11)
  6 lava snakes (Volcano)
  2 crimson imps
  A bullfrog zombie (D:6)
  14 jellies
  The ghost of lessens the Scratcher, a weakling FeSk of Trog (D:4)
  8 hounds
  21 orc priests
  2 centaur skeletons
  29 orc wizards
  3 gnoll shamans
  4 iguanas
  12 worker ants
  12 mummies (Ossuary)
  42 gnolls
  17 adders
  3 shadow imps
  An ooze (D:1)
  An adder zombie (D:9)
  An adder skeleton (D:6)
  2 worms
  3 leopard geckos
  84 orcs
  6 giant cockroaches
  9 goblins
  4 hobgoblins
  22 jackals
  28 kobolds
  5 quokkas
  A ball python (D:4)
  13 bats
  3 frilled lizards
  2 gnoll skeletons (Ossuary)
  2 goblin skeletons (Ossuary)
  A jackal skeleton (D:4)
  A kobold skeleton (Ossuary)
  2 leopard gecko skeletons (D:4)
  3 orc skeletons (Ossuary)
  A quokka skeleton (D:4)
  5 rats
  11 rat skeletons (Ossuary)
  3 fungi (Lair:6)
  A plant (Lab)
1034 creatures vanquished.

Vanquished Creatures (collateral kills)
  An anaconda (Snake:1)
  An ugly thing (D:13)
  A molten gargoyle (Volcano)
3 creatures vanquished.

Vanquished Creatures (others)
  A vampire mosquito (Lair:5)
  An orc priest (Orc:2)
  3 fungi
5 creatures vanquished.

Grand Total: 1042 creatures vanquished

Notes
Turn   | Place    | Note
-------+----------+-------------------------------------------
     0 | D:1      | RickyRiver1434 the Minotaur Fighter began the quest for the Orb.
     0 | D:1      | Reached XP level 1. HP: 19/19 MP: 0/0
   122 | D:1      | Reached XP level 2. HP: 27/27 MP: 1/1
   139 | D:1      | Reached skill level 4 in Shields
   514 | D:2      | Reached XP level 3. HP: 29/33 MP: 2/2
   734 | D:2      | Reached XP level 4. HP: 40/40 MP: 3/3
  1241 | D:3      | Reached skill level 5 in Shields
  1351 | D:3      | Reached skill level 1 in Dodging
  1540 | D:3      | Reached XP level 5. HP: 46/46 MP: 4/4
  1759 | D:3      | Reached skill level 5 in Armour
  1788 | D:3      | Reached XP level 6. HP: 23/53 MP: 5/5
  2097 | D:3      | Reached skill level 5 in Fighting
  2143 | D:3      | Reached skill level 5 in Axes
  2665 | D:3      | Reached XP level 7. HP: 60/61 MP: 6/6
  3053 | D:4      | Found Usches's Magic Scroll Emporium.
  3054 | D:4      | Noticed lessens's ghost (weakling FeSk)
  3077 | D:4      | Found a staircase to the Ecumenical Temple.
  3087 | Temple   | Entered the Ecumenical Temple
  3168 | D:4      | Found a sand-covered staircase.
  3173 | Ossuary  | Entered an ossuary
  3851 | D:4      | Found a blossoming altar of Fedhas.
  3976 | D:4      | Found Edawael's Weapon Emporium.
  4232 | D:4      | Found an iron altar of Okawaru.
  4363 | D:4      | Bought a scroll of identify for 22 gold pieces
  4363 | D:4      | Bought a scroll of enchant armour for 82 gold pieces
  4363 | D:4      | Bought a scroll of identify for 22 gold pieces
  4363 | D:4      | Bought a scroll of identify for 22 gold pieces
  4363 | D:4      | Bought a scroll of enchant armour for 82 gold pieces
  4369 | D:4      | Found Padakk's Food Shop.
  4429 | D:4      | Found Nytagal's Antique Weapon Emporium.
  4482 | D:4      | Found Oga Hues's Assorted Antiques.
  4614 | D:4      | Reached XP level 8. HP: 52/70 MP: 7/7
  4692 | D:4      | Killed lessens's ghost
  4756 | D:4      | Reached skill level 6 in Shields
  5029 | D:5      | Entered Level 5 of the Dungeon
  5906 | D:5      | Got a crystal long sword {flame}
  5907 | D:5      | Identified the cursed +1 long sword "Earthworm" {flame, *Noise Fragile rElec Stlth+} (You took it off an orc on level 5 of the Dungeon)
  5939 | D:5      | Found a burning altar of Makhleb.
  5946 | D:5      | Reached skill level 7 in Shields
  6691 | D:6      | Reached skill level 1 in Long Blades
  6792 | D:5      | Reached XP level 9. HP: 76/78 MP: 8/8
  6940 | D:6      | Found a hide-covered altar of Uskayaw.
  6940 | D:6      | Found a basalt altar of Yredelemnul.
  7077 | D:6      | Noticed inEQUAL's ghost (novice GrFi)
  7441 | D:6      | Reached skill level 8 in Shields
  8295 | D:7      | Found a bloodstained altar of Trog.
  8297 | D:7      | Found an ancient bone altar of Kikubaaqudgha.
  8297 | D:7      | Found a white marble altar of Elyvilon.
  8303 | D:7      | Became a worshipper of Trog the Wrathful
  8323 | D:7      | Reached skill level 5 in Long Blades
  8848 | D:8      | Found a staircase to the Lair.
  8883 | D:8      | Reached XP level 10. HP: 88/88 MP: 9/9
  8948 | D:8      | Reached * piety under Trog
  8968 | D:8      | Reached skill level 9 in Shields
  9001 | D:8      | Noticed a three-headed hydra
  9018 | D:8      | Killed a one-headed hydra
  9860 | D:8      | Reached ** piety under Trog
  9860 | D:8      | Reached skill level 10 in Armour
 10173 | D:9      | Reached XP level 11. HP: 90/95 MP: 10/10
 10335 | D:9      | Reached skill level 10 in Shields
 10686 | D:9      | Found a white marble altar of Elyvilon.
 10798 | D:9      | Noticed a two-headed ogre
 10808 | D:9      | Killed a two-headed ogre
 10976 | D:10     | Entered Level 10 of the Dungeon
 10976 | D:10     | Noticed a two-headed ogre
 10987 | D:10     | Killed a two-headed ogre
 10987 | D:10     | Reached skill level 10 in Long Blades
 11249 | D:10     | Found a sacrificial altar of Ru.
 11324 | D:10     | Noticed a two-headed ogre
 11339 | D:10     | Killed a two-headed ogre
 11339 | D:10     | Reached *** piety under Trog
 11949 | D:11     | Found a shimmering altar of Xom.
 11958 | D:11     | Found a shimmering altar of Xom.
 11958 | D:11     | Found a shimmering altar of Xom.
 11959 | D:11     | Found a shimmering altar of Xom.
 11959 | D:11     | Found a shimmering altar of Xom.
 12013 | D:11     | Noticed an eight-headed hydra
 12015 | D:11     | Reached skill level 11 in Shields
 12178 | Lair:1   | Entered Level 1 of the Lair of Beasts
 12178 | Lair:1   | Noticed a five-headed hydra
 12221 | D:8      | Reached skill level 1 in Stealth
 12269 | D:8      | Killed a two-headed hydra
 12393 | Lair:1   | Reached XP level 12. HP: 16/105 MP: 11/11
 12570 | Lair:1   | Reached skill level 12 in Shields
 13454 | Lair:2   | Reached **** piety under Trog
 13454 | Lair:2   | Received a gift from Trog
 13678 | Lair:2   | Found a staircase to the Snake Pit.
 14305 | Lair:3   | Reached skill level 10 in Fighting
 14351 | Lair:3   | Found a staircase to the Shoals.
 14452 | Lair:3   | Noticed a four-headed hydra
 14462 | Lair:3   | Killed a one-headed hydra
 14668 | Lair:3   | Identified the Collected Works on Helpful Ignition
 15184 | Lair:4   | Reached skill level 13 in Shields
 15901 | Lair:5   | Found a staircase to the Slime Pits.
 15901 | Lair:5   | Noticed a death yak
 15901 | Lair:5   | Noticed a death yak
 15903 | Lair:5   | Noticed a death yak
 15905 | Lair:5   | Noticed a death yak
 15919 | Lair:5   | Noticed a death yak
 15930 | Lair:5   | Killed a death yak
 15930 | Lair:5   | Reached XP level 13. HP: 61/115 MP: 12/12
 16304 | Lair:5   | Found a dark tunnel.
 16336 | Volcano  | Entered a volcano
 16770 | Volcano  | Noticed a red draconian
 16793 | Volcano  | Killed a red draconian
 16793 | Volcano  | Reached skill level 1 in Throwing
 16846 | Volcano  | Found a burning altar of Makhleb.
 17192 | Lair:5   | Received a gift from Trog
 17702 | Lair:6   | Entered Level 6 of the Lair of Beasts
 17702 | Lair:6   | Noticed quirkyturtle's ghost (journeyman GnSk)
 17711 | Lair:5   | Reached skill level 14 in Shields
 18619 | Lair:5   | Reached ***** piety under Trog
 18806 | Lair:5   | Reached XP level 14. HP: 83/125 MP: 13/13
 19587 | Lair:6   | Found a burning altar of Makhleb.
 19643 | Lair:6   | Reached skill level 15 in Shields
 19662 | Lair:6   | Found a gateway to Hell.
 19893 | Lair:6   | Got a jewelled dagger
 19894 | Lair:6   | Identified the +9 dagger "Kikku" {vamp, Int+3} (You found it on level 6 of the Lair of Beasts)
 20527 | D:11     | Noticed Fannar
 20547 | D:11     | Killed Fannar
 21181 | D:12     | Found a labyrinth entrance.
 21185 | Lab      | Entered a labyrinth
 21456 | Lab      | Got a fine cloak
 21467 | Lab      | Identified the +0 cloak of Negation {MR+ Dex+2} (You found it in a labyrinth)
 22218 | D:12     | Found a staircase to the Orcish Mines.
 22259 | D:12     | Found a roughly hewn altar of Beogh.
 22981 | D:13     | Received a gift from Trog
 23394 | D:13     | Reached skill level 15 in Long Blades
 23517 | D:13     | Found a gate to the Vaults.
 23761 | D:13     | Reached skill level 16 in Shields
 23899 | D:13     | Reached XP level 15. HP: 73/136 MP: 14/14
 24616 | D:14     | Reached skill level 15 in Armour
 24712 | D:14     | Noticed Sonja
 24735 | D:14     | Killed Sonja
 24751 | D:14     | Received a gift from Trog
 24825 | D:14     | Noticed Kirke
 24844 | D:14     | Killed Kirke
 25000 | D:14     | Noticed Josephine
 25022 | D:14     | Killed Josephine
 25326 | D:15     | Entered Level 15 of the Dungeon
 25404 | D:15     | Reached skill level 5 in Dodging
 25702 | D:15     | Noticed a frost giant
 25717 | D:15     | Killed a frost giant
 25836 | D:15     | Found a staircase to the Depths.
 26334 | D:15     | Reached skill level 17 in Shields
 26594 | Orc:1    | Entered Level 1 of the Orcish Mines
 26826 | Orc:1    | Found a runed door.
 26982 | Orc:1    | Received a gift from Trog
 27005 | Orc:1    | Reached ****** piety under Trog
 27057 | Orc:1    | Found a roughly hewn altar of Beogh.
 27100 | Orc:2    | Entered Level 2 of the Orcish Mines
 27100 | Orc:2    | Found a staircase to the Elven Halls.
 27314 | Orc:2    | Noticed Erolcha
 27341 | Orc:2    | Killed Erolcha
 27666 | Orc:2    | Found Ehutil's Book Emporium.
 28130 | Orc:2    | Found Gooff's Jewellery Emporium.
 28148 | Orc:2    | Found Iruqim's Gadget Shop.
 28148 | Orc:2    | Found Karudaics's Distillery.
 28264 | Orc:1    | Found Enuoh's Food Emporium.
 28852 | Snake:1  | Entered Level 1 of the Snake Pit
 28885 | Snake:1  | Reached XP level 16. HP: 139/147 MP: 15/15
 28886 | Snake:1  | Found a flickering gateway to a bazaar.
 28893 | Bazaar   | Entered a bazaar
 28899 | Bazaar   | Found Wafoett's Jewellery Boutique.
 28922 | Bazaar   | Found Sikifo's Distillery.
 28945 | Bazaar   | Found Tutajofigu's Book Boutique.
 28966 | Bazaar   | Found Ziaxegeu's Antique Weapon Emporium.
 28999 | Bazaar   | Bought the ring of Parr {AC+5 Str+6} for 1119 gold pieces
 29065 | Bazaar   | Bought a potion of heal wounds for 60 gold pieces
 29065 | Bazaar   | Bought a potion of heal wounds for 60 gold pieces
 29065 | Bazaar   | Bought a potion of heal wounds for 60 gold pieces
 29065 | Bazaar   | Bought a potion of heal wounds for 60 gold pieces
 29121 | Snake:1  | Received a gift from Trog
 29136 | Snake:1  | Got a twisted mace {god gift}
 29754 | Snake:1  | Identified the +4 mace of Iggialet {crush, rElec rC+ rN+++ Int-4} (Trog gifted it to you on level 1 of the Snake Pit)
 29941 | Snake:1  | Reached skill level 15 in Fighting
 30051 | Snake:1  | Reached skill level 18 in Shields
 30412 | Snake:2  | Noticed Aizul
 30441 | Snake:1  | Killed Aizul
 30862 | Snake:2  | Found Qexzyq's Assorted Antiques.
 30867 | Snake:2  | Found Fazad's Armour Emporium.
 30868 | Snake:2  | Found Edwusof's General Store.
 30877 | Snake:2  | Bought a +0 large shield for 67 gold pieces
 31871 | Snake:3  | Received a gift from Trog
 31887 | Snake:3  | Got an iridescent demon blade {god gift}
 31921 | Snake:3  | Reached skill level 19 in Shields
 32109 | Snake:3  | Identified the +9 demon blade "Fogur" {elec, rF+ MR+ Dex+4} (Trog gifted it to you on level 3 of the Snake Pit)
 32527 | Snake:3  | Found Roufug's Gadget Boutique.
 32527 | Snake:3  | Found Vischu's Jewellery Shoppe.
 32528 | Snake:3  | Found Qehog's Jewellery Shoppe.
 32927 | Snake:4  | Entered Level 4 of the Snake Pit
 33367 | Snake:4  | Reached XP level 17. HP: 139/156 MP: 16/16
 33371 | Snake:4  | Received a gift from Trog
 33666 | Snake:4  | Noticed Louise
 33683 | Snake:4  | Killed Louise
 34182 | Snake:4  | Received a gift from Trog
 34182 | Snake:4  | Reached skill level 20 in Shields
 34640 | Snake:4  | Got a serpentine rune of Zot
 35150 | Shoals:1 | Entered Level 1 of the Shoals
 36034 | Shoals:2 | Killed from afar by a water nymph

Vault maps used:
D:1:      scummos_arrival_checkerplants, roderic_roman_lattice, minmay_bisected
D:2:      minmay_pentomino_p4
D:3:      lemuel_castle_with_subvaults, first_ration
D:4:      minmay_diamond_boxcup, okawaru_metal_pillars_1_2,
          fedhas_bush_and_centaur_altar, temple_statues, serial_shops, shop,
          shop, kennysheep_little_box, shop_coins, shop,
          nicolae_ossuary_entry_plus
D:5:      overflow_temple_1_default, wad_floor_pattern_1
D:6:      gammafunk_temple_overflow_wave, roderic_lattice_a
D:7:      grunt_temple_overflow_open
D:8:      dpeg_oklobed_lair, hangedman_ranch
D:9:      basic_altar
D:10:     minmay_cornered_nines, nicolae_ru_awakened_eye
D:11:     minmay_crystal_water, xom_shifter_show, uniq_fannar
D:12:     minmay_orc_entry_temple_small, lab_entry_generic
D:13:     grunt_vaults_entry_fortified, minmay_splitting_lines,
          hangedman_cracks_in_the_wall
D:14:     serial_glass, glass_columns_c, glass_columns_c, small_statue_alley_a,
          minmay_misc_feat_enclosed, uniq_kirke, uniq_josephine, uniq_sonja
D:15:     grunt_enter_depths_snipers, bh_walls_and_bars,
          hangedman_decor_riveting
Temple:   minmay_temple_curvy_branch
Lair:1:   minmay_stone_trees_small, infiniplex_staircase_pool_2,
          lemuel_fruit_fields, lemuel_fruit_tree
Lair:2:   minmay_snake_entry_guardpost_small, beast_lair_carwin_4
Lair:3:   shoals_dummy_entry, serial_bayou_crossing, grunt_megastairs_2
Lair:5:   minmay_slime_entry_jelly_boxes, nicolae_volcano_entry_vermiform, pond
Lair:6:   evil_forest, grunt_megastairs_3
Snake:1:  serial_shops, bzr_in_the_mist
Snake:2:  minmay_shop_star, uniq_aizul
Snake:3:  serial_bayou_shore_b, minmay_shop_grove
Snake:4:  snake_pit, uniq_louise
Orc:1:    serial_shops, shop, lightli_church_of_beogh
Orc:2:    st_orc_elflike, uniq_erolcha
Lab:      nicolae_lab_x, nicolae_lab_stuck, nicolae_lab_garden,
          nicolae_lab_starburst, labyrinth_skeletal_remains, lab_hedge
Bazaar:   bazaar_jpeg_circle_common
Ossuary:  ossuary_due_small_catacomb
Volcano:  volcano_lake

Skill      XL: |  1  2  3  4  5  6  7  8  9 10 11 12 13 14 15 16 17 |
---------------+----------------------------------------------------+-----
Armour         | 4 5 7 8 10 11 12 13 14 15 16 | 16.9
Shields        | 4 5 7 8 9 11 13 14 16 17 19 20 | 20.2
Axes           | 3 4 5 7 8 |  8.4
Fighting       | 4 5 6 8 9 10 11 13 14 15 16 | 16.4
Dodging        | 1 2 3 4 5 6 |  6.3
Long Blades    | 1 6 9 11 13 14 15 16 17 | 17.2
Stealth        | 1 2 3 |  3.2
Throwing       | 2 3 |  3.7
Evocations     | |  0.9

Action                   |  1- 3 |  4- 6 |  7- 9 | 10-12 | 13-15 | 16-18 || total
-------------------------+-------+-------+-------+-------+-------+-------++-------
Melee: War axe           |    72 |   201 |   241 |       |       |       ||   514
       Headbutt          |    14 |    31 |   112 |   220 |   580 |   306 ||  1263
       Long sword        |       |       |   294 |   814 |  1920 |   399 ||  3427
       Demon blade       |       |       |       |       |       |   393 ||   393
Throw: Javelin           |       |       |     2 |       |     7 |       ||     9
       Tomahawk          |       |       |       |       |    43 |       ||    43
Invok: Berserk           |       |       |       |     2 |     3 |     2 ||     7
       Brothers in Arms  |       |       |       |       |     4 |     1 ||     5
Evoke: Wand              |       |       |       |     1 |     8 |       ||     9
       Phantom mirror    |       |       |       |       |     1 |       ||     1
  Use: Scroll            |     2 |     3 |     8 |    12 |    10 |     1 ||    36
       Potion            |       |       |       |     8 |    13 |    14 ||    35
 Stab: Invisible         |       |       |       |     3 |     2 |     1 ||     6
       Paralysed         |       |       |       |       |     4 |       ||     4
  Eat: Chunk             |       |     6 |    14 |    17 |    29 |     9 ||    75
       Ration            |       |       |     2 |     2 |     7 |     5 ||    16
Armor: Scale mail        |    48 |    74 |    26 |       |       |       ||   148
       Chain mail        |       |       |   197 |    50 |       |       ||   247
       Plate armour      |       |       |       |   220 |   488 |   193 ||   901
Dodge: Dodged            |    35 |    71 |   140 |   219 |   455 |   152 ||  1072
Block: Shield            |    59 |   111 |   272 |   504 |  1041 |   202 ||  2189
       Large shield      |       |       |       |       |       |   497 ||   497
       Rpst.: Long sword |       |       |    21 |    58 |   121 |    25 ||   225
       Falchion          |       |       |     1 |       |       |       ||     1
       Demon blade       |       |       |       |       |       |    14 ||    14

Table legend:
 A = Spawn XP
 B = Non-spawn XP
 C = Spawn XP percentage of total XP
 D = Spawn monster count
 E = Non-spawn monster count
 F = Spawn count percentage of total count
 G = Total turns spent on level
                    A         B        C        D         E        F      G
               +---------+---------+-------+---------+---------+-------+---------
         Total |       0 |  264505 |   0.0 |       0 |    1033 |   0.0 | 36034
               +---------+---------+-------+---------+---------+-------+---------
           D:1 |       0 |      38 |   0.0 |       0 |      20 |   0.0 |   509
           D:2 |       0 |      95 |   0.0 |       0 |      27 |   0.0 |  1052
           D:3 |       0 |     628 |   0.0 |       0 |      59 |   0.0 |  1501
           D:4 |       0 |     624 |   0.0 |       0 |      43 |   0.0 |  2001
           D:5 |       0 |    1000 |   0.0 |       0 |      27 |   0.0 |  1235
           D:6 |       0 |    1426 |   0.0 |       0 |      36 |   0.0 |  1170
           D:7 |       0 |    1417 |   0.0 |       0 |      19 |   0.0 |   682
           D:8 |       0 |    6390 |   0.0 |       0 |      45 |   0.0 |  1350
           D:9 |       0 |    4260 |   0.0 |       0 |      46 |   0.0 |  1190
          D:10 |       0 |    2857 |   0.0 |       0 |      14 |   0.0 |  1035
          D:11 |       0 |    3802 |   0.0 |       0 |      16 |   0.0 |   830
          D:12 |       0 |    7882 |   0.0 |       0 |      45 |   0.0 |  1060
          D:13 |       0 |   16704 |   0.0 |       0 |      49 |   0.0 |  1549
          D:14 |       0 |   15760 |   0.0 |       0 |      45 |   0.0 |  1074
          D:15 |       0 |   15347 |   0.0 |       0 |      31 |   0.0 |  1071
        Lair:1 |       0 |    5345 |   0.0 |       0 |      19 |   0.0 |  1020
        Lair:2 |       0 |    8887 |   0.0 |       0 |      29 |   0.0 |  1465
        Lair:3 |       0 |    4298 |   0.0 |       0 |      20 |   0.0 |   901
        Lair:4 |       0 |    5923 |   0.0 |       0 |      21 |   0.0 |   961
        Lair:5 |       0 |   18516 |   0.0 |       0 |      73 |   0.0 |  2332
        Lair:6 |       0 |   10310 |   0.0 |       0 |      29 |   0.0 |  1174
      Shoals:1 |       0 |    6279 |   0.0 |       0 |      14 |   0.0 |   758
      Shoals:2 |       0 |    4881 |   0.0 |       0 |      10 |   0.0 |   126
       Snake:1 |       0 |   15170 |   0.0 |       0 |      28 |   0.0 |  1096
       Snake:2 |       0 |   14203 |   0.0 |       0 |      26 |   0.0 |  1042
       Snake:3 |       0 |   18836 |   0.0 |       0 |      24 |   0.0 |  1334
       Snake:4 |       0 |   47636 |   0.0 |       0 |      73 |   0.0 |  2024
         Orc:1 |       0 |    6741 |   0.0 |       0 |      55 |   0.0 |  1053
         Orc:2 |       0 |    9340 |   0.0 |       0 |      34 |   0.0 |   869
           Lab |       0 |    2930 |   0.0 |       0 |      10 |   0.0 |   905
       Ossuary |       0 |     240 |   0.0 |       0 |      30 |   0.0 |   411
       Volcano |       0 |    6740 |   0.0 |       0 |      16 |   0.0 |   788
               +---------+---------+-------+---------+---------+-------+---------
